Map: Lerilak Crest

Players

Mykalzz

  • Race: Zerg Zerg
  • League: Platinum

Wellmet - Winner!

  • Race: Terran Terran
  • League: Master

VOD

Have the link to the VOD?

Description

Time

  • Played on: Nov. 15, 2015, 1:36 a.m.
  • Length: 9:42
Show
View Real Time Build Order
Export as new Build Order

Mykalzz Zerg 

Build Orders: Hatch First, Muta Ling Bane 

Get SALT Encoding   

  12  0:01  Drone  
  13  0:12  Overlord  
  13  0:17  Drone  
  14  0:30  Drone x2  
  14  0:34  Drone  
  17  0:56  Hatchery, Drone  
  17  1:12  Spawning Pool  
  17  1:13  Extractor  
  17  1:15  Drone  
  16  1:22  Drone  
  16  1:23  Drone  
  18  1:27  Drone  
  19  1:41  Drone  
  20  1:57  Drone  
  21  2:02  Zergling x2  
  22  2:08  Hatchery  
  21  2:16  Metabolic Boost  
  21  2:19  Queen  
  23  2:36  Drone x4  
  25  2:39  Drone  
  25  2:42  Spore Crawler  
  25  2:50  Drone x2  
  27  3:02  Drone  
  27  3:03  Overlord x2  
  28  3:13  Overlord  
  28  3:19  Queen  
  28  3:23  Drone x4  
  28  3:26  Queen  
  35  3:36  Spore Crawler  
  35  3:38  Drone x3  
  37  3:41  Spore Crawler  
  37  3:46  Drone  
  37  3:47  Drone x2  
  41  3:52  Overlord  
  41  3:53  Drone x2  
  43  4:02  Drone x2  
  45  4:04  Drone  
  46  4:14  Zergling x2, Extractor  
  46  4:15  Zergling x4  
  48  4:19  Extractor x2  
  46  4:25  Zergling x6  
  48  4:33  Queen  
  48  4:34  Queen  
  52  4:39  Drone  
  52  4:42  Zergling x4  
  55  4:52  Zergling x6  
  58  4:56  Zergling x4  
  58  4:59  Zergling x2  
  61  5:01  Baneling Nest  
  59  5:15  Zergling x6  
  59  5:19  Lair  
  62  5:21  Overlord  
  62  5:23  Zergling x4  
  62  5:27  Evolution Chamber  
  63  5:30  Drone x3  
  66  5:40  Drone  
  66  5:41  Drone x2  
  66  5:42  Hatchery  
  68  5:46  Baneling x6  
  68  5:47  Baneling x13  
  68  5:48  Baneling  
  68  5:49  Baneling  
  68  5:50  Baneling  
  68  5:51  Baneling  
  68  5:59  Overlord  
  68  6:01  Overlord  
  68  6:03  Zergling x4  
  70  6:07  Zerg Melee Weapons Level 1  
  70  6:11  Zergling x6  
  73  6:21  Zergling x2  
  73  6:22  Zergling x10  
  79  6:26  Centrifical Hooks  
  79  6:30  Zergling x2  
  79  6:31  Zergling x4  
  82  6:49  Overlord x4  
  82  6:52  Overlord  
  82  6:54  Baneling x9  
  69  7:11  Zergling x2  
  69  7:12  Zergling x18  
  77  7:17  Zergling x2  
  78  7:26  Zergling x12  
  78  7:27  Zergling x4  
  80  7:33  Zergling x6  
  83  7:42  Zergling x6  
  86  7:44  Zergling x2  
  87  7:52  Spire  
  85  8:06  Zergling x20  
  85  8:07  Zergling x6  
  85  8:10  Drone  
  85  8:11  Drone  
  73  8:38  Baneling x16  
  73  8:39  Baneling x6  
  73  8:40  Zergling x2  
  73  8:41  Zergling x16  
  73  8:45  Drone  
  73  8:46  Drone x2  
  76  9:08  Mutalisk x2  
  80  9:11  Drone  
  80  9:12  Drone x12  
Show
View Real Time Build Order
Export as new Build Order

Wellmet Terran - Winner!

Build Orders: Reaper Expand, MMM Bio 

Get SALT Encoding   

  12  0:00  SCV  
  13  0:13  SCV  
  14  0:17  Supply Depot  
  14  0:25  SCV  
  15  0:39  SCV  
  15  0:40  Barracks  
  16  0:44  Refinery  
  16  0:51  SCV  
  17  1:03  SCV  
  18  1:15  SCV  
  19  1:27  Orbital Command  
  19  1:28  Reaper  
  20  1:44  Command Center  
  20  1:54  SCV  
  21  1:57  Supply Depot  
  21  2:06  SCV  
  21  2:07  Barracks Reactor  
  22  2:18  SCV  
  23  2:23  Factory  
  23  2:30  SCV  
  24  2:42  SCV  
  25  2:47  Marine x2  
  25  2:49  Command Center  
  27  2:54  SCV  
  28  3:01  Orbital Command  
  28  3:07  SCV  
  29  3:13  Starport  
  29  3:19  Barracks Tech Lab  
  30  3:20  SCV  
  30  3:23  Hellion x2  
  34  3:27  SCV  
  34  3:32  SCV  
  36  3:39  SCV, Marine  
  38  3:44  Refinery  
  38  3:49  SCV  
  38  3:51  Viking  
  38  3:53  SCV  
  42  4:00  Supply Depot, Hellion  
  42  4:01  Hellion  
  42  4:02  SCV x2  
  48  4:08  Marine  
  49  4:14  SCV, Orbital Command  
  50  4:18  Stimpack  
  50  4:20  SCV  
  51  4:29  SCV  
  51  4:30  Starport Reactor  
  51  4:38  SCV  
  51  4:39  Factory Reactor, Marine  
  51  4:41  SCV  
  51  4:42  Barracks x2  
  51  4:44  Refinery, Barracks  
  54  4:47  Supply Depot  
  54  4:50  SCV  
  55  4:54  Refinery  
  55  4:57  SCV x2, Marauder  
  59  5:03  Engineering Bay  
  59  5:05  SCV  
  59  5:06  Engineering Bay  
  60  5:09  SCV  
  60  5:13  SCV  
  58  5:17  Supply Depot, SCV  
  59  5:21  SCV  
  59  5:23  Marauder  
  59  5:25  SCV  
  59  5:28  Starport Reactor  
  63  5:29  Factory Tech Lab  
  63  5:32  Orbital Command  
  63  5:36  Marine x2  
  63  5:41  SCV x2, Missile Turret  
  67  5:44  Missile Turret, Marine x4  
  67  5:48  Terran Infantry Weapons Level 1  
  71  5:52  Terran Infantry Armor Level 1  
  71  5:53  SCV  
  71  5:56  SCV  
  73  5:58  SCV  
  73  5:59  Bunker  
  73  6:01  Marauder  
  76  6:05  Supply Depot, SCV, Marine x2  
  76  6:06  Marine  
  76  6:07  Marine  
  76  6:08  Marine  
  76  6:11  Marine  
  83  6:21  Marine  
  83  6:25  Supply Depot  
  84  6:26  Siege Tank, Marine x3  
  84  6:29  Combat Shields, Supply Depot x2  
  84  6:32  Supply Depot  
  90  6:34  Marine  
  90  6:38  Missile Turret  
  91  6:40  SCV x2  
  91  6:46  Medivac x2, Marine  
  91  6:47  Marine x2  
  98  6:49  Marine x2  
  98  6:51  SCV  
  98  6:52  SCV  
  104  6:55  Supply Depot  
  104  6:58  Siege Tank  
  104  7:00  Marauder  
  85  7:09  Marine x2  
  85  7:11  Marine x3  
  85  7:12  Liberator x2  
  85  7:15  SCV  
  84  7:16  Marine  
  84  7:18  Supply Depot, Barracks  
  84  7:21  Barracks, Marine  
  84  7:22  SCV, Armory  
  87  7:23  Barracks  
  93  7:30  Marine  
  93  7:31  Marine  
  93  7:34  Siege Tank  
  98  7:38  SCV x2, Refinery  
  98  7:39  Marine  
  98  7:41  Marine  
  98  7:42  Marine  
  105  7:44  Marauder  
  105  7:49  Supply Depot  
  105  7:51  Marine x2  
  105  7:54  SCV  
  105  7:57  Starport  
  105  7:58  Marine x2  
  109  7:59  Marine  
  109  8:02  Liberator x2  
  112  8:05  Marauder  
  112  8:06  Supply Depot, Barracks Reactor  
  112  8:12  Siege Tank  
  115  8:15  Barracks Reactor, Barracks Tech Lab  
  115  8:17  Marine x2  
  115  8:18  Marine x3  
  126  8:28  Marine x2  
  126  8:33  SCV x2  
  126  8:34  SCV  
  119  8:35  Marine x2  
  121  8:45  SCV x2  
  121  8:46  Marine x2  
  121  8:47  Marauder x2, Marine x2  
  131  8:52  SCV  
  132  8:57  SCV, Marine  
  132  8:58  SCV, Marine  
  136  9:03  Starport Reactor  
  136  9:04  SCV  
  136  9:06  Marine x3  
  136  9:09  Marauder  
Tags
 
Add a new tag
Caveats
  • Supply blocks, unpowered buildings, or Contaminate may cause inaccurate times.
  • Supply counts are checked every 10 seconds.